 Dungeon Crawl Stone Soup version 0.30-a0-739-gea05faddec (webtiles) character file.

Game seed: 12993936279871071161

434 KleinerIrrer the Insei (level 7, -3/47 HPs)
             Began as an Octopode Air Elementalist on Feb 4, 2023.
             Slain by an ice beast (5 damage)
             ... on level 5 of the Dungeon.
             The game lasted 00:08:34 (5193 turns).

KleinerIrrer the Insei (Octopode Air Elementalist)  Turns: 5193, Time: 00:08:35

Health: -3/47      AC:  1    Str:  9    XL:     7   Next: 0%
Magic:  3/10       EV: 13    Int: 17    God:
Gold:   270        SH:  0    Dex: 13    Spells: 4/10 levels left

rFire   . . .      SeeInvis .      - Unarmed
rCold   . . .      Faith    .    (no shield)
rNeg    . . .      Spirit   .    (helmet restricted)
rPois   .          Reflect  .    q - amulet of the acrobat
rElec   .          Harm     .    (no ring)
rCorr   .          Rampage  .    (no ring)
Will    .....                    (no ring)
Stlth   +++                      (no ring)
HPRegen 0.27/turn                (no ring)
MPRegen 0.12/turn                (no ring)
                                 (no ring)
                                 (no ring)

@: very slightly contaminated
A: almost no armour, amphibious, 8 rings, camouflage 1, gelatinous body 1,
(nimble swimmer 1), tentacles
a: no special abilities


You were on level 5 of the Dungeon.
You visited 1 branch of the dungeon, and saw 5 of its levels.

You collected 270 gold pieces.

Inventory:

Missiles
 k - 9 poisoned darts
Jewellery
 q - an amulet of the acrobat (around mantle)
Scrolls
 c - 6 scrolls of identify {unknown}
 f - 5 scrolls of teleportation {unknown}
 j - a scroll of enchant weapon {unknown}
 m - a scroll of fear {unknown}
 n - a scroll of amnesia {unknown}
 o - a scroll of poison {unknown}
 s - a scroll of magic mapping {unknown}
Potions
 a - a potion of magic
 b - 2 potions of flight {unknown}
 d - a potion of invisibility {unknown}
 e - 4 potions of mutation {unknown}
 g - a potion of lignification {unknown}
 h - a potion of ambrosia {unknown}
 i - a potion of degeneration {unknown}
 l - a potion of resistance {unknown}
 p - a potion of heal wounds {unknown}
 r - a potion of cancellation {unknown}
 t - a potion of might {unknown}


   Skills:
 + Level 3.7 Fighting
 - Level 2.0 Dodging
 - Level 2.6 Stealth
 * Level 5.5 Unarmed Combat
 - Level 2.0 Spellcasting
 - Level 1.0 Conjurations
 - Level 3.0 Air Magic


You had 4 spell levels left.
You knew the following spells:

 Your Spells              Type           Power      Damage    Failure   Level
a - Shock                 Conj/Air       32%        1d5       9%          1
b - Static Discharge      Conj/Air       16%        2-3/arc   13%         2
c - Swiftness             Air            11%        N/A       17%         3

Your spell library contained the following spells:

 Spells                   Type           Power      Damage    Failure   Level
 Dazzling Flash           Conj/Hex       6%         N/A       43%         3
 Airstrike                Air            5%         2d(1-17)  50%         4
 Iskenderun's Mystic Bla  Conj/Tloc      3%         2d3       83%         4
 Summon Forest            Summ/Tloc      0%         N/A       99%         5
 Summon Mana Viper        Hex/Summ       1%         N/A       99%         5
 Starburst                Conj/Fire      1%         6d3       100%        6
 Summon Cactus Giant      Summ           0%         N/A       100%        6


Dungeon Overview and Level Annotations

Branches:
Dungeon (5/15)
 Temple: D:4-7

Altars:
Fedhas
Nemelex Xobeh
Uskayaw

Shops:
D:3 ((


Innate Abilities, Weirdness & Mutations

You cannot wear most types of armour.
You are amphibious.
You can wear up to eight rings at the same time.
Your skin changes colour to match your surroundings (Stealth+).
Your rubbery body absorbs attacks. (AC +1, EV +1)
((You are camouflaged when in or above water. (Stealth+)))
You have tentacles for arms and can constrict up to eight enemies at once.


Message History

The zap hits the ice beast but does no damage.
The ice beast is lightly wounded.
The zap hits the ice beast but does no damage.
The ice beast is lightly wounded.
Casting: Shock (safe; 9% risk of failure)
Confirm with . or Enter, or press ? or * to list all spells.
Aiming: Shock (safe; 9% risk of failure)
Press: ? - help, Shift-Dir - straight line, p - ice beast The zap hits the ice beast.
The ice beast is moderately wounded.
The zap misses the ice beast.
The ice beast hits you. The ice beast freezes you!
You tentacle-slap the ice beast.
The ice beast is moderately wounded.
The ice beast barely misses you.
You barely miss the ice beast. Your squeeze misses the ice beast.
The ice beast is moderately wounded.
You tentacle-slap the ice beast but do no damage.
Your squeeze misses the ice beast.
The ice beast is moderately wounded.
The ice beast closely misses you.
You tentacle-slap the ice beast.
The ice beast is heavily wounded.
The ice beast hits you. The ice beast freezes you!
You tentacle-slap the ice beast.
You squeeze the ice beast, but do no damage.
The ice beast is heavily wounded.
The ice beast misses you.
You closely miss the ice beast. Your squeeze misses the ice beast.
The ice beast is heavily wounded.
The ice beast hits you. The ice beast freezes you!
* * * LOW HITPOINT WARNING * * *
Casting: Shock (safe; 9% risk of failure)
Confirm with . or Enter, or press ? or * to list all spells.
You miscast Swiftness.
You are very lightly contaminated with residual magic.
Nothing appears to happen.
The ice beast hits you.
* * * LOW HITPOINT WARNING * * *
The ice beast freezes you.
You die...

# #.#############
.............#
#.#.##..####.#
##.#.##..####.#
..........##.#
#.#.##..#.##.#
##.#.##.[#.##.#
#.......@Y....#
####.########.####
#.......# #>.#
#####.......# ##.#
...........#
###.####
###........#
#......#
#..<.....#
#.#.##.#
>#.##........#
#.#.##.#
.............#
#...##.#


You could see an ice beast.

Vanquished Creatures
  Menkaure (D:4)
  A howler monkey (D:4)
  2 iguanas (D:4)
  4 gnolls (D:3)
  10 adders
  3 worms
  3 dart slugs
  3 orcs
  9 ball pythons
  6 bats
  7 endoplasms
  5 giant cockroaches
  9 goblins
  9 hobgoblins
  3 jackals
  A quokka (D:1)
  2 frilled lizards
  9 kobolds
  5 rats
92 creatures vanquished.

Vanquished Creatures (others)
  3 toadstools (D:5)
3 creatures vanquished.

Grand Total: 95 creatures vanquished

Notes
Turn   | Place    | Note
-------+----------+-------------------------------------------
     0 | D:1      | KleinerIrrer the Octopode Air Elementalist began the quest
                  | for the Orb.
     0 | D:1      | Reached XP level 1. HP: 11/11 MP: 3/3
   153 | D:1      | Reached skill level 1 in Unarmed Combat
   185 | D:1      | Reached XP level 2. HP: 18/18 MP: 0/5
   298 | D:1      | Reached skill level 1 in Fighting
   562 | D:1      | Reached skill level 2 in Unarmed Combat
   619 | D:1      | Reached XP level 3. HP: 23/23 MP: 3/6
  1066 | D:2      | Found a hide-covered altar of Uskayaw.
  1326 | D:3      | Reached XP level 4. HP: 23/29 MP: 0/7
  1508 | D:3      | Found a faded altar of an unknown god.
  1625 | D:3      | Reached skill level 3 in Unarmed Combat
  1671 | D:3      | Found Damy's Weapon Shop.
  1705 | D:3      | Found Tiricel's Antique Weapon Shop.
  2302 | D:3      | Reached XP level 5. HP: 19/35 MP: 3/8
  2946 | D:3      | Found a blossoming altar of Fedhas.
  3193 | D:2      | Reached skill level 4 in Unarmed Combat
  3204 | D:2      | Found a faded altar of an unknown god.
  3556 | D:4      | Noticed Menkaure
  3575 | D:4      | Killed Menkaure
  3576 | D:4      | Reached XP level 6. HP: 42/42 MP: 9/9
  3743 | D:4      | Reached skill level 5 in Unarmed Combat
  4375 | D:4      | Found a sparkling altar of Nemelex Xobeh.
  4693 | D:5      | Entered Level 5 of the Dungeon
  4716 | D:5      | Reached XP level 7. HP: 45/47 MP: 7/10
  4734 | D:5      | HP: 2/47 [ogre/+0 giant club (24)]
  5129 | D:5      | Learned a level 2 spell: Static Discharge
  5133 | D:5      | Learned a level 3 spell: Swiftness
  5193 | D:5      | HP: 2/47 [ice beast (3)]
  5193 | D:5      | Slain by an ice beast

Illustrated notes

Levels and vault maps discovered:
D:1:      psy_arrival_conway, layout_basic
D:2:      layout_basic, basic_altar, hellmonk_ecumenical_altar_blasted
D:3:      minmay_chambers_of_threes, layout_basic,
          nicolae_overflow_ecumenical_swirl, serial_shops,
          nicolae_shop_bloodbath_and_beyond, shop
D:4:      layout_loops_cross, nemelex_spade_bored_becter, uniq_menkaure
D:5:      layout_loops_cross, minmay_temple_entry_glass,
          minmay_gold_behind_fungi

Skill      XL: |  1  2  3  4  5  6 |
---------------+-------------------+-----
Unarmed Combat | 1 2 3 4 5 |  5.5
Fighting       | 1 2 3 |  3.7
Dodging        | |  2.0
Stealth        | |  2.6
Spellcasting   | |  2.0
Conjurations   | |  1.0
Air Magic      | |  3.0

Action                     |  1- 3 |  4- 6 |  7- 9 || total
---------------------------+-------+-------+-------++-------
  Melee: Unarmed           |    13 |    16 |    17 ||    46
         Constrict         |     7 |    20 |     2 ||    29
         Tentacles         |     6 |    10 |     3 ||    19
         Whip              |       |    54 |       ||    54
         Punch             |       |     2 |       ||     2
   Cast: Shock             |    60 |    94 |     9 ||   163
   Stab: Sleeping          |       |     3 |       ||     3
 Armour: Skin              |     3 |     3 |     1 ||     7
  Dodge: Dodged            |     8 |    49 |    25 ||    82

Table legend: (Time is in decaauts)
 A = Elapsed time spent in this place.
 B = Non-inter-level travel time spent in this place.
 C = Inter-level travel time spent in this place.
 D = Time resting spent in this place.
 E = Time spent auto-exploring this place.
 F = Levels seen in this place.
 G = Mean time per level.
                   A        B        C        D        E       F      G
               +--------+--------+--------+--------+--------+-----+--------+
         Total |   5195 |   4935 |    260 |    433 |   3911 |   5 | 1039.0 |
       Dungeon |   5195 |   4935 |    260 |    433 |   3911 |   5 | 1039.0 |
               +--------+--------+--------+--------+--------+-----+--------+

Top non-repeatable levels by time:
     D:3: 1965 daAuts
     D:4: 1365 daAuts
     D:1: 965 daAuts
     D:2: 765 daAuts
     D:5: 134 daAuts
